 Dungeon Crawl Stone Soup version 0.19.1-1-g22dce08 (webtiles) character file.

25384 Flooderbenga the Prestidigitator (level 13, -3/73 HPs)
             Began as a Vine Stalker Assassin on Jan 15, 2017.
             Was an Initiate of Lugonu.
             Succumbed to a redback's poison
             ... on level 12 of the Dungeon on Jan 16, 2017.
             The game lasted 07:57:51 (13115 turns).

Flooderbenga the Prestidigitator (VSAs)            Turns: 13115, Time: 07:57:52

Health: -3/73      AC: 26    Str: 12    XL:     13   Next: 19%
Magic:  5/28       EV:  4    Int: 15    God:    Lugonu [......]
Gold:   346        SH:  6    Dex: 22    Spells: 5 memorised, 10 levels left

rFire  + . .     SeeInvis .     A - +7 iron rod (7/13)
rCold  . . .     Gourm    .     h - +10 plate armour of Pride {+Fly rN+ Str+3 Int+4}
rNeg   + . .     Faith    .     (no shield)
rPois  .         Spirit   +     (helmet restricted)
rElec  .         Reflect  +     d - +2 cloak
rCorr  .         Harm     .     C - +2 pair of gloves
MR     +....                    (no boots)
Stlth  ..........               I - +6 amulet of reflection
                                G - ring of protection from fire
                                c - ring of magical power

@: lethally poisoned (-3 -> -156)
A: fangs 3, horns 1, talons 1, blurry vision 1, low mp 1, regeneration 2, robust
1, screaming 1, weak 2, magic shield, antimagic bite, no device heal 3, rot
immunity
a: Renounce Religion, Evoke Flight


You were on level 12 of the Dungeon.
You worshipped Lugonu.
Lugonu was noncommittal.
You were not hungry.

You visited 3 branches of the dungeon, and saw 18 of its levels.
You visited the Abyss 1 time.
You also visited: Labyrinth.

You collected 658 gold pieces.
You spent 312 gold pieces at shops.

Inventory:

Hand Weapons
 a - a +2 dagger
 b - a +1 blowgun
 U - a +2 dagger of distortion
Missiles
 e - 18 poisoned needles
 o - 39 stones (quivered)
 q - 2 needles of confusion
 F - 315 arrows
 J - 2 javelins of penetration
 M - 5 curare-tipped needles
 P - 3 needles of sleeping
Armour
 d - a +2 cloak (worn)
 g - a +2 helmet
 h - the +10 plate armour of Pride (worn) {+Fly rN+ Str+3 Int+4}
   (You found it in a labyrinth)

   It affects your strength (+3).
   It affects your intelligence (+4).
   It protects you from negative energy.
   It lets you fly.
 l - the +6 ring mail of the Republic {rC+ Regen+}
   (You found it on level 13 of the Dungeon)

   It protects you from cold.
   It increases your rate of regeneration.
 C - a +2 pair of gloves (worn)
 V - +0 steam dragon scales
Rods
 f - a +5 lightning rod (13/13)
   (You found it on level 1 of the Lair of Beasts)
 A - a +7 iron rod (7/13) (in hand)
   (You found it in a labyrinth)
Jewellery
 c - a ring of magical power (left hand)
 G - a ring of protection from fire (right hand)
 I - a +6 amulet of reflection (around neck)
 Z - an uncursed ring of protection from cold
Wands
 i - a wand of flame (13/48)
 x - a wand of disintegration (0/24)
 B - a wand of polymorph (13/24)
 E - a wand of confusion (24/48)
 H - a wand of paralysis (10/24)
 K - a wand of digging (1/24)
 S - a wand of lightning (5/15)
Scrolls
 k - 9 scrolls of remove curse
 m - 2 scrolls of magic mapping
 D - a scroll of recharging
 L - 3 scrolls of identify
 O - a scroll of silence
Potions
 p - 8 potions of curing
 s - 2 potions of flight
 u - 3 potions of brilliance
 v - 2 potions of might
Books
 r - a book of Beasts

   Spells                             Type                      Level
   a - Summon Butterflies             Summoning                    1
   b - Call Canine Familiar           Summoning                    3
   c - Summon Ice Beast               Ice/Summoning                4
   d - Summon Mana Viper              Hexes/Summoning              5
   e - Summon Hydra                   Summoning                    7
Miscellaneous
 Q - a lamp of fire (inert)
Comestibles
 n - a slice of pizza


   Skills:
 + Level 7.0 Fighting
 + Level 10.0 Short Blades
 + Level 7.9 Throwing
 + Level 0.1 Armour
 - Level 5.6 Dodging
 - Level 7.0 Stealth
 - Level 3.6 Spellcasting
 - Level 3.4 Charms
 - Level 4.2 Translocations
 - Level 2.3 Transmutations
 - Level 0.2 Air Magic
 + Level 10.6 Evocations


You had 10 spell levels left.
You knew the following spells:

 Your Spells              Type           Power        Failure   Level  Hunger
a - Beastly Appendage     Tmut           #.....       100%        1    None
b - Repel Missiles        Chrm/Air       #.....       100%        2    ##.....
c - Blink                 Tloc           N/A          100%        2    ##.....
d - Sticks to Snakes      Tmut           #.......     100%        2    ##.....
e - Slow                  Hex            #.......     100%        2    ##.....


Dungeon Overview and Level Annotations

Branches:
Dungeon (14/15)            Temple (1/1) D:4            Lair (3/6) D:10
  Swamp (0/4) Lair:2          Orc (0/2) D:12
  Snake: Lair:2-4    Spider: Lair:2-4    Vaults: D:13-14

Altars:
Ashenzari
Cheibriados
Dithmenos
Elyvilon
Fedhas
Gozag
Hepliaklqana
Kikubaaqudgha
Qazlal
Ru
Sif Muna
Trog
Xom
Yredelemnul
Zin
The Shining One

Shops:
D:7 (   D:9 *   D:10 [

Annotations:
D:7 Joseph; ponk's ghost, novice HOFi
D:8 Exporg's ghost, novice MiFi
D:9 Grum; Psyche
D:14 Azrael


Innate Abilities, Weirdness & Mutations

You have razor-sharp teeth.
You heal very quickly.
When hurt, damage is shared between your health and your magic reserves.
Your bite disrupts and absorbs the magic of your enemies.
Potions and wands cannot restore your health.
You are immune to rotting.
You have a pair of small horns on your head.
You have sharp toenails.
Scrolls take you a little longer to read.
Your magical capacity is low. (-10% MP)
You are robust. (+10% HP)
You occasionally shout uncontrollably at your foes.
You are very weak. (Str -4)


Message History

The redback bites you.
* * * LOW HITPOINT WARNING * * *
You are more poisoned.
The redback poisons you! The redback bites you!
* * * LOW HITPOINT WARNING * * *
The redback bites you but does no damage. x2
You block the redback's attack.
The redback bites you but does no damage.
You block the redback's attack.
A large slime creature splits.
The redback bites you.
* * * LOW HITPOINT WARNING * * *
You are more poisoned.
The redback poisons you!
The redback bites you but does no damage.
The redback barely misses you.
The redback bites you but does no damage. x2
The redback bites you!
* * * LOW HITPOINT WARNING * * *
The redback bites you but does no damage.
You die...

.##'................[.#...#*,,,,,
))......>.....##......#...#,,,,,*
...............#......#...#***+**
###............#......#...#,,,,,,
.##............#......#...#,,,,,,
..(............#......#...#,,,,,,
...............#......'...#,,,,,,
(..............#......#...#,,,,,,
.##..........Jss@.....#...#,,,,,,
.##..........Js.s.....#,..#,,,,,,
.)...........Jsss.....#,,.#,,,,,,
.##.....##....J#......#,..#,,,,,,
.##.....##.....#......#,..#,,,,,,
..............>#......#,..*******
........#####'##......##'##*,,,,*
........##.....#......#...#*,,,,*
.##......#....)#......#...#,,,,,*


You could see a large slime creature, 3 slime creatures and 7 redbacks.

Vanquished Creatures
  Nessos (D:13)
  Snorg (D:14)
  A minotaur (Lab)
  The ghost of loralnil the Eclecticist, a journeyman DEAE of Sif Muna (D:12)
  A centaur warrior (D:13)
  An ogre mage (D:14)
  A hell hog (D:13)
  Sonja (Lair:3)
  2 slime creatures (D:13)
  A swamp dragon (D:13)
  2 hill giants
  2 ugly things
  A deep elf mage (D:13)
  A manticore (D:14)
  A worldbinder (Abyss:3)
  A centaur zombie (D:13)
  2 smoke demons (Abyss:3)
  A black mamba (Lair:2)
  A centaur skeleton (D:11)
  2 spiny frogs
  A tormentor (Abyss:3)
  A yaktaur (D:14)
  A tengu conjurer (D:13)
  A komodo dragon (Lair:1)
  3 meliai (D:14)
  A troll (D:10)
  A two-headed ogre (D:14)
  5 blink frogs
  A hippogriff (Lair:1)
  4 shadows
  A redback (D:12)
  A wraith (D:10)
  5 yaks
  A wyvern (Lair:3)
  2 basilisks (Lair:1)
  A hungry ghost (D:13)
  2 steam dragons
  3 wargs
  A soldier ant (D:13)
  8 water moccasins
  4 porcupines
  3 orc warriors
  A sky beast (D:13)
  6 ogres
  5 ice beasts
  3 phantoms
  5 wolves (Lair:3)
  9 centaurs
  10 crocodiles
  A big kobold (D:10)
  8 bullfrogs
  A wyvern zombie (D:11)
  3 scorpions
  An electric eel (D:11)
  4 wights (D:11)
  2 howler monkeys (D:10)
  A quasit (D:7)
  5 hounds
  2 orc priests
  4 bullfrog skeletons
  2 bullfrog zombies
  A jelly (D:13)
  An iguana (D:9)
  6 hell rats (Lair:2)
  8 orc wizards
  9 worker ants
  2 hound skeletons (D:5)
  A worker ant zombie (D:5)
  A howler monkey zombie (D:5)
  11 adders
  3 shadow imps
  2 oozes (D:1)
  2 adder skeletons
  2 worms (D:2)
  2 dart slugs
  6 leopard geckos
  20 orcs
  8 bats
  5 giant cockroaches
  5 goblins
  13 hobgoblins
  16 jackals
  9 kobolds
  3 quokkas
  2 frilled lizards
  A giant cockroach zombie (D:5)
  2 leopard gecko zombies
  A quokka skeleton (D:6)
  A quokka zombie (D:5)
  3 rats
  A bush (Lair:3)
  A starspawn tentacle (Abyss:3)
297 creatures vanquished.

Vanquished Creatures (collateral kills)
  A thrashing horror (Abyss:3)
  A hungry ghost (D:9)
  A water moccasin (Lair:1)
3 creatures vanquished.

Vanquished Creatures (others)
  An orc warrior (D:6)
  A black bear (D:10)
  A centaur (D:12)
  An orc wizard (D:6)
  An orc (D:6)
  2 fungi
  2 plants (Lair:3)
  11 starspawn tentacles (Abyss:3)
20 creatures vanquished.

Grand Total: 320 creatures vanquished

Notes
Turn   | Place    | Note
-------+----------+-------------------------------------------
     0 | D:1      | Flooderbenga the Vine Stalker Assassin began the quest for the Orb.
     0 | D:1      | Reached XP level 1. HP: 11/11 MP: 2/2
    32 | D:1      | Reached skill level 5 in Stealth
    54 | D:1      | Reached XP level 2. HP: 14/15 MP: 3/3
   299 | D:1      | Reached skill level 1 in Dodging
   322 | D:1      | Reached XP level 3. HP: 17/18 MP: 4/4
   908 | D:2      | Gained mutation: Your natural rate of healing is unusually fast. [Vine Stalker growth]
   908 | D:2      | Reached XP level 4. HP: 23/23 MP: 5/5
  1511 | D:2      | Found a snail-covered altar of Cheibriados.
  1762 | D:2      | Reached XP level 5. HP: 27/27 MP: 6/6
  2829 | D:4      | Noticed an ogre
  3095 | D:3      | Killed an ogre
  3095 | D:3      | Reached skill level 1 in Evocations
  3095 | D:3      | Reached XP level 6. HP: 32/32 MP: 7/7
  3320 | D:4      | Found a staircase to the Ecumenical Temple.
  3333 | Temple   | Entered the Ecumenical Temple
  3497 | Temple   | Became a worshipper of Xom of Chaos
  3644 | D:4      | Learned a level 1 spell: Beastly Appendage
  3713 | D:4      | Found a stormy altar of Qazlal.
  3768 | D:4      | XOM is BORED!
  3768 | D:4      | XOM: noise
  3792 | D:5      | Entered Level 5 of the Dungeon
  4014 | D:6      | Noticed a phantom
  4080 | D:6      | XOM: divination: detect creatures
  4161 | D:6      | Reached XP level 7. HP: 35/36 MP: 9/9
  4221 | D:6      | XOM: god gift: book of Minor Magic
  4226 | D:6      | Learned a level 2 spell: Repel Missiles
  4301 | D:6      | Learned a level 2 spell: Blink
  4327 | D:6      | XOM: summons friendly iron imp
  4345 | D:6      | XOM: smoke on damage
  4396 | D:7      | XOM: butterfly on damage
  4446 | D:7      | Found a sacrificial altar of Ru.
  4447 | D:7      | Noticed Joseph
  4490 | D:6      | XOM: divine lightning (protected)
  4650 | D:6      | Found a glowing golden altar of the Shining One.
  4657 | D:6      | XOM: mild Air miscast
  4667 | D:6      | XOM is BORED!
  4667 | D:6      | XOM: summons 3 hostile demons
  4668 | D:6      | Noticed an ice devil
  4681 | D:6      | XOM: butterfly on damage
  4792 | D:5      | Reached skill level 1 in Transmutations
  4939 | D:5      | XOM: give mutations
  4939 | D:5      | Gained mutation: You occasionally shout uncontrollably at your foes. [Xom's mischief]
  4939 | D:5      | Gained mutation: You are weak. (Str -2) [Xom's mischief]
  4939 | D:5      | Gained mutation: You are very weak. (Str -4) [Xom's mischief]
  5066 | D:5      | Reached skill level 1 in Spellcasting
  5066 | D:5      | Reached skill level 1 in Charms
  5206 | D:5      | Reached skill level 1 in Translocations
  5210 | D:5      | Gained mutation: You have razor-sharp teeth. [Vine Stalker growth]
  5210 | D:5      | Reached XP level 8. HP: 40/40 MP: 11/11
  5334 | D:7      | XOM: confusion
  5393 | D:7      | Found Qofuub's Weapon Shop.
  5401 | D:7      | Bought 3 needles of confusion for 18 gold pieces
  5401 | D:7      | Bought 8 javelins of penetration for 230 gold pieces
  5467 | D:7      | Noticed ponk's ghost (novice HOFi)
  5529 | D:7      | XOM: scenery: create altars
  5696 | D:7      | XOM: fake destruction
  5710 | D:7      | XOM: scenery: create altars
  5722 | D:8      | Noticed Exporg's ghost (novice MiFi)
  5740 | D:9      | XOM: god gift: glowing flail {god gift}
  5852 | D:9      | Noticed Grum
  5925 | D:9      | Noticed a shadow
  5927 | D:9      | Killed a shadow
  6012 | D:10     | Entered Level 10 of the Dungeon
  6028 | D:10     | Found a staircase to the Lair.
  6050 | D:10     | XOM: butterfly on damage
  6166 | D:9      | XOM: summons 8 friendly demons
  6286 | D:9      | Found Yheomil's Assorted Antiques.
  6304 | D:9      | Bought a scroll labeled PEMIHA NOWEICI for 32 gold pieces
  6304 | D:9      | Bought a scroll labeled KUYMOIN UCLYIBB for 32 gold pieces
  6345 | D:9      | Noticed Psyche
  6350 | D:9      | XOM: cast spell 'Call Canine Familiar'
  6364 | D:10     | Noticed a troll
  6366 | D:10     | Killed a troll
  6366 | D:10     | Reached skill level 5 in Short Blades
  6366 | D:10     | Reached skill level 5 in Evocations
  6366 | D:10     | Reached XP level 9. HP: 44/44 MP: 13/13
  6618 | D:10     | Found Kifemiq's Armour Boutique.
  6719 | D:10     | XOM: enchant monster (bad)
  6844 | D:10     | XOM: summons friendly iron imp
  6875 | D:10     | XOM: noise
  6923 | D:10     | Reached skill level 5 in Throwing
  7253 | D:10     | XOM: scenery: 1 doors open
  7279 | D:10     | Learned a level 2 spell: Sticks to Snakes
  7385 | Lair:1   | Entered Level 1 of the Lair of Beasts
  7459 | Lair:1   | Reached XP level 10. HP: 49/49 MP: 15/15
  7463 | Lair:1   | XOM: summons 2 friendly demons
  7465 | Lair:1   | XOM: potion effect (might)
  7466 | Lair:1   | XOM: enchant monster (good)
  7470 | Lair:1   | XOM: cast spell 'Shadow Creatures'
  7687 | Lair:1   | Noticed a spiny frog
  7714 | Lair:1   | Killed a spiny frog
  7725 | Lair:1   | XOM: enchant monster (good)
  7766 | Lair:1   | XOM: harmless Erth miscast
  7956 | Lair:1   | XOM: give mutation
  7956 | Lair:1   | Gained mutation: Your spells are a little harder to cast, but a little more powerful. [Xom's mischief]
  8063 | Lair:1   | XOM: enchant monster (bad)
  8208 | Lair:2   | XOM: harmless Summ miscast
  8236 | Lair:2   | Found a staircase to the Swamp.
  8258 | Lair:2   | Noticed a five-headed hydra
  8341 | Lair:2   | Noticed a spiny frog
  8420 | Lair:2   | XOM: swap monsters
  8421 | Lair:2   | XOM: cast spell 'Ring of Flames'
  8426 | Lair:2   | Noticed a black mamba
  8426 | Lair:2   | XOM: harmless Air miscast
  8437 | Lair:2   | XOM: noise
  8521 | Lair:2   | XOM: repel stairs
  8533 | Lair:2   | Reached XP level 11. HP: 21/52 MP: 7/17
  8882 | Lair:3   | XOM: repel stairs
  9044 | Lair:3   | Noticed Sonja
  9049 | Lair:3   | Killed Sonja
  9084 | Lair:3   | XOM: harmless Ice miscast
  9526 | D:11     | XOM: harmless Conj miscast
  9620 | D:11     | Learned a level 2 spell: Slow
  9660 | D:11     | Noticed a hill giant
  9684 | D:11     | Killed a hill giant
  9684 | D:11     | Reached skill level 5 in Fighting
  9934 | D:11     | Noticed a green ugly thing
  9956 | D:11     | Killed a green ugly thing
 10041 | D:12     | Found a labyrinth entrance.
 10045 | D:12     | Gained mutation: You are partially covered in slimy green scales. (AC +2) [mutagenic meat]
 10060 | Lab      | XOM: noise
 10060 | Lab      | Entered a labyrinth
 10352 | Lab      | Noticed a minotaur
 10355 | Lab      | XOM: noise
 10383 | Lab      | Killed a minotaur
 10457 | Lab      | Got a shimmering plate armour
 10468 | Lab      | Identified the +10 plate armour of Pride {+Fly rN+ Str+3 Int+4} (You found it in a labyrinth)
 10525 | D:12     | Noticed a cyan ugly thing
 10643 | D:13     | Gained mutation: You heal very quickly. [Vine Stalker growth]
 10643 | D:13     | Reached XP level 12. HP: 60/60 MP: 19/19
 10715 | D:13     | Got a scorched ring mail
 10726 | D:13     | Identified the +6 ring mail of the Republic {rC+ Regen+} (You found it on level 13 of the Dungeon)
 10752 | D:13     | XOM: 1-stop teleportation journey
 10753 | D:13     | Noticed a tengu warrior
 10785 | D:13     | Noticed a hell hog
 10785 | D:13     | a tengu warrior changed into a hell hog
 10785 | D:13     | XOM: polymorph tengu warrior -> hell hog
 10790 | D:13     | XOM: summons 2 friendly demons
 10792 | D:13     | Killed a hell hog
 10856 | D:13     | Noticed Nessos
 10862 | D:13     | XOM: confusion
 10875 | D:13     | Killed Nessos
 10883 | D:13     | XOM: summons 1 hostile demon
 10982 | D:13     | Noticed a centaur warrior
 10993 | D:13     | Killed a centaur warrior
 11023 | D:13     | XOM: swap monsters
 11031 | D:13     | XOM: swap monsters
 11218 | D:13     | Lost mutation: You are partially covered in slimy green scales. (AC +2) [potion of cure mutation]
 11218 | D:13     | Lost mutation: You are very weak. (Str -4) [potion of cure mutation]
 11218 | D:13     | Lost mutation: Your spells are a little harder to cast, but a little more powerful. [potion of cure mutation]
 11218 | D:13     | Lost mutation: You occasionally shout uncontrollably at your foes. [potion of cure mutation]
 11245 | D:14     | Noticed Snorg
 11254 | D:14     | Killed Snorg
 11254 | D:14     | Reached skill level 10 in Evocations
 11272 | D:14     | XOM: give mutations
 11272 | D:14     | Gained mutation: You are very weak. (Str -4) [Xom's mischief]
 11272 | D:14     | Gained mutation: You are robust. (+10% HP) [Xom's mischief]
 11272 | D:14     | Gained mutation: Scrolls take you a little longer to read. [Xom's mischief]
 11272 | D:14     | Lost mutation: You are very weak. (Str -4) [Xom's mischief]
 11306 | D:14     | Gained mutation: You have sharp toenails. [potion of beneficial mutation]
 11307 | D:14     | Gained mutation: You have a pair of small horns on your head. [potion of beneficial mutation]
 11351 | D:14     | Noticed an ogre mage
 11354 | D:14     | Killed an ogre mage
 11370 | D:14     | Reached skill level 5 in Dodging
 11379 | D:14     | Noticed Azrael
 11380 | D:14     | Noticed a centaur warrior
 11380 | D:14     | Noticed a centaur warrior
 11432 | D:14     | Cast into level 3 of the Abyss (a distortion unwield)
 11456 | Abyss:3  | Gained mutation: You occasionally shout uncontrollably at your foes. [mutagenic glow]
 11496 | Abyss:3  | XOM: swap monsters
 11512 | Abyss:3  | Gained mutation: Your magical capacity is low. (-10% MP) [mutagenic glow]
 11537 | Abyss:3  | XOM: give mutations
 11537 | Abyss:3  | Lost mutation: You are weak. (Str -2) [Xom's mischief]
 11537 | Abyss:3  | Gained mutation: You are weak. (Str -2) [Xom's mischief]
 11559 | Abyss:3  | Gained mutation: You tend to lose your temper in combat. [mutagenic glow]
 11580 | Abyss:3  | Noticed a wretched star
 11585 | Abyss:3  | Noticed a tentacled starspawn
 11591 | Abyss:3  | Gained mutation: You are very weak. (Str -4) [mutagenic glow]
 11601 | Abyss:3  | Noticed a thrashing horror
 11615 | Abyss:3  | Noticed an angel
 11616 | Abyss:3  | Killed a thrashing horror
 11617 | Abyss:3  | XOM: fake destruction
 11649 | Abyss:3  | Found a corrupted altar of Lugonu.
 11657 | Abyss:3  | Fell from the grace of Xom
 11657 | Abyss:3  | Became a worshipper of Lugonu the Unformed
 11657 | Abyss:3  | Reached * piety under Lugonu
 11658 | D:14     | Escaped the Abyss
 11682 | D:14     | Reached XP level 13. HP: 49/72 MP: 13/19
 11784 | D:13     | XOM: summons 14 hostile demons
 11961 | D:13     | XOM: give mutations
 11961 | D:13     | Lost mutation: You tend to lose your temper in combat. [Xom's mischief]
 11961 | D:13     | Lost mutation: Your magical capacity is low. (-10% MP) [Xom's mischief]
 12167 | D:12     | Noticed loralnil's ghost (journeyman DEAE)
 12234 | D:13     | Gained mutation: Your magical capacity is low. (-10% MP) [mutagenic meat]
 12557 | D:12     | Found a staircase to the Orcish Mines.
 12815 | D:12     | Killed loralnil's ghost
 12815 | D:12     | Reached skill level 10 in Short Blades
 13115 | D:12     | Succumbed to a redback's poison

Skill      XL: |  1  2  3  4  5  6  7  8  9 10 11 12 13 |
---------------+----------------------------------------+-----
Stealth        | 5 6 7 |  7.0
Short Blades   | 2 3 5 6 8 9 10 | 10.0
Throwing       | 2 3 5 7 |  7.9
Dodging        | 1 2 3 5 |  5.6
Fighting       | 2 3 5 6 7 |  7.0
Evocations     | 1 2 3 5 6 7 8 10 | 10.6
Transmutations | 1 2 |  2.3
Spellcasting   | 1 2 3 |  3.6
Charms         | 1 3 |  3.4
Translocations | 1 2 4 |  4.2
Armour         | |  0.1
Air Magic      | |  0.2

Action                   |  1- 3 |  4- 6 |  7- 9 | 10-12 | 13-15 || total
-------------------------+-------+-------+-------+-------+-------++-------
Melee: Dagger            |    85 |   159 |   323 |   555 |   392 ||  1514
       Bite              |    21 |    48 |   101 |   197 |   119 ||   486
       Trident           |       |     6 |    12 |       |       ||    18
       Kick              |       |       |       |    15 |   135 ||   150
       Headbutt          |       |       |       |     8 |    78 ||    86
 Fire: Blowgun           |     2 |    13 |    16 |    25 |    14 ||    70
Throw: Tomahawk          |       |       |    10 |    12 |       ||    22
       Javelin           |       |       |    13 |    15 |     2 ||    30
       Stone             |       |       |       |     5 |     3 ||     8
 Cast: Beastly Appendage |       |     1 |     3 |     2 |       ||     6
       Repel Missiles    |       |       |     1 |     3 |     1 ||     5
       Blink             |       |       |       |    13 |       ||    13
       Sticks to Snakes  |       |       |       |     1 |       ||     1
Invok: Depart the Abyss  |       |       |       |     1 |       ||     1
Evoke: Wand              |       |       |    13 |    40 |    13 ||    66
       Lamp of fire      |       |       |     1 |     2 |       ||     3
       Rod               |       |       |       |    56 |    12 ||    68
  Use: Scroll            |     5 |     8 |    10 |    16 |     1 ||    40
       Potion            |     1 |     4 |     2 |     8 |       ||    15
 Stab: Sleeping          |     4 |    17 |    11 |     7 |       ||    39
       Distracted        |       |     1 |     1 |       |       ||     2
       Confused          |       |       |     1 |    14 |     2 ||    17
       Paralysed         |       |       |       |     6 |       ||     6
       Petrified         |       |       |       |     1 |       ||     1
  Eat: Chunk             |       |     6 |       |     5 |     5 ||    16
       Bread ration      |       |     1 |       |       |       ||     1
       Beef jerky        |       |       |     2 |     1 |       ||     3
       Meat ration       |       |       |     2 |     2 |     1 ||     5
       Fruit             |       |       |       |     3 |     3 ||     6
       Royal jelly       |       |       |       |       |     1 ||     1
       Pizza             |       |       |       |       |     1 ||     1
Armor: Ring mail         |    91 |       |       |       |       ||    91
       Robe              |       |    15 |       |       |       ||    15
       Leather armour    |       |    13 |    86 |    37 |       ||   136
       Steam dragon scal |       |       |       |    63 |    28 ||    91
       Plate armour      |       |       |       |       |   119 ||   119
Dodge: Dodged            |    97 |    72 |   137 |   258 |    57 ||   621
       Deflected         |       |       |     2 |     3 |     5 ||    10
Block: Other             |       |       |       |    36 |    52 ||    88
       Reflection        |       |       |       |     5 |     4 ||     9
